 Dungeon Crawl Stone Soup version 0.23.0 (webtiles) character file.

Game seed: 6224179248469688364

5 vishdafish the Grasshopper (level 1, -1/19 HPs)
             Began as a Troll Warper on Feb 16, 2019.
             Slain by a gnoll
             ... wielding a +1 antimagic halberd
              (7 damage)
             ... on level 1 of the Dungeon.
             The game lasted 00:01:00 (103 turns).

vishdafish the Grasshopper (Troll Warper)            Turns: 103, Time: 00:01:02

Health: -1/19      AC:  6    Str: 18    XL:     1   Next: 66%
Magic:  0/1        EV: 10    Int:  9    God:
Gold:   0          SH:  0    Dex:  9    Spells: 2/2 levels left

rFire    . . .     SeeInvis .   a - +0 mace
rCold    . . .     Gourm    +   (no shield)
rNeg     . . .     Faith    .   b - +0 robe
rPois    .         Spirit   .   (helmet restricted)
rElec    .         Reflect  .   (no cloak)
rCorr    .         Harm     .   (gloves unavailable)
MR       .....                  (boots unavailable)
Stlth    +.........             (no amulet)
HPRegen  0.46/turn              (no ring)
MPRegen  0.07/turn              (no ring)

@: no status effects
A: large, unfitting armour, claws 3, fast metabolism 3, gourmand, regeneration
1, shaggy fur 1, tough skin 3
a: no special abilities


You were on level 1 of the Dungeon.
You were not hungry.

You visited 1 branch of the dungeon, and saw 1 of its levels.

Inventory:

Hand Weapons
 a - a +0 mace (weapon)
Missiles
 e - 4 tomahawks of dispersal (quivered)
Armour
 b - a +0 robe (worn)
Scrolls
 c - a scroll of identify {unknown}
Comestibles
 f - 2 rations


   Skills:
 + Level 1.6 Fighting
 * Level 2.0 Maces & Flails
 + Level 1.0 Throwing
 + Level 2.0 Dodging
 + Level 1.3 Spellcasting
   Level 2.1 Translocations


You had 2 spell levels left.
You didn't know any spells.
Your spell library contained the following spells:

 Spells                   Type           Power        Failure   Level  Hunger
 Blink                    Tloc           N/A          22%         2    ###....
 Shroud of Golubria       Chrm/Tloc      #.........   34%         2    ###....
 Gell's Gravitas          Tloc           #.........   41%         3    ####...
 Lesser Beckoning         Tloc           #.........   41%         3    ####...
 Teleport Other           Tloc           #.......     41%         3    ####...
 Passage of Golubria      Tloc           N/A          82%         4    #####..


Dungeon Overview and Level Annotations

Branches:
Dungeon (1/15)

Altars:


Innate Abilities, Weirdness & Mutations

You are too large for most types of armour.
You have claws for hands.
Your metabolism is lightning-fast.
You like to eat raw meat.
Your natural rate of healing is unusually fast.
You are covered in fur. (AC +1)
You have extremely tough skin. (AC +3)


Message History

You closely miss the bat. The bat hits you but does no damage.
The jackal barely misses you. The bat hits you but does no damage.
The jackal bites you but does no damage.
The gnoll hits you from afar with a +1 antimagic halberd!
Ouch! That really hurt!
You feel your power leaking away.
The jackal bites you but does no damage.
You hit the jackal.
You kill the jackal!
Your Maces & Flails skill increases to level 2!
Your Dodging skill increases to level 2!
The bat barely misses you. The jackal bites you. The gnoll barely misses you.
Your magical contamination has completely faded away.
You hit the jackal but do no damage. The bat barely misses you.
The jackal bites you but does no damage.
The jackal bites you.
The jackal bites you but does no damage.
The jackal closely misses you.
The gnoll hits you from afar with a +1 antimagic halberd!
You die...

........#.##.##.#.##...
#............b........
#... ....##.##.#.####.
#....#.#.##.##.#.#
.#...)#.#.##h...#.####
.......)...hhJ.........
#...##g#.#####........
# #b#.# #...##### #@#.#
#..... #hh.........#.#
....#####..##.# .......
...# . ######### #.#


You could see a gnoll, 2 jackals and a bat.

Vanquished Creatures
  A giant cockroach (D:1)
  A goblin (D:1)
  A jackal (D:1)
  A ball python (D:1)
  A frilled lizard (D:1)
5 creatures vanquished.

Notes
Turn   | Place    | Note
-------+----------+-------------------------------------------
     0 | D:1      | vishdafish the Troll Warper began the quest for the Orb.
     0 | D:1      | Reached XP level 1. HP: 19/19 MP: 1/1
    98 | D:1      | Reached skill level 1 in Throwing
   103 | D:1      | Slain by a gnoll

Skill      XL: |  1 |
---------------+----+-----
Throwing       | 1 |  1.0
Maces & Flails | 2 |  2.0
Dodging        | 2 |  2.0
Fighting       | |  1.6
Spellcasting   | |  1.3
Translocations | |  2.1

Action                   || total
-------------------------++-------
Melee: Mace              ||    18
Throw: Tomahawk          ||     1
  Use: Scroll            ||     1
Armor: Robe              ||    35
Dodge: Dodged            ||    33
